 Dungeon Crawl Stone Soup version 0.31.0-7-gf635a9b802 (webtiles) character file.

Game seed: 1827476853642493090

9 SnakkuSnakku7 the Ducker (level 2, 23/25 HPs)
             Began as a Djinni Monk on Jan 23, 2024.
             Was an Initiate of Ashenzari.
             Quit the game on level 1 of the Dungeon.
             The game lasted 00:00:34 (422 turns).

SnakkuSnakku7 the Ducker (Djinni Monk)               Turns: 422, Time: 00:00:35

Health: 23/25      AC:  2    Str: 10    XL:     2   Next: 20%
Gold:   21         EV: 13    Int: 11    God:    Ashenzari [......] SH:  0 Dex: 15

rFire   + + .        a - +0 falchion
rCold   x . .        d - orb of the Unveiling Vision {light, Range, Self} (curse)
rNeg    . . .        b - +0 robe
rPois   ∞            (no helmet)
rElec   .            (no cloak)
rCorr   .            (no gloves)
SInv    .            (boots unavailable)
Will    .....        (no amulet)
Stlth   +            (no ring)
HPRegen 0.24/turn    (no ring)
MPRegen 0.00/turn

%: no passive effects
@: flying, glowing
A: sickness immunity, fire resistance 2, cold vulnerability 1, float, innate
caster, HP casting, extra vitality 1
a: Renounce Religion, Shatter the Chains


You were on level 1 of the Dungeon.
You worshipped Ashenzari.
Ashenzari was noncommittal.
You visited 1 branch of the dungeon, and saw 1 of its levels.

You collected 21 gold pieces.

Inventory:

Hand Weapons
 a - a +0 falchion (weapon)
Armour
 b - a +0 robe (worn)
 d - the cursed orb of the Unveiling Vision (worn) {light, Range, Self}

   It has a curse which improves the following skills: Ranged Combat: Ranged
   Weapons and Throwing.
   Introspection: Fighting and Spellcasting.
Scrolls
 e - a scroll of immolation {unknown}
 f - a scroll of teleportation {unknown}
 g - a scroll of revelation {unknown}
Potions
 c - a potion of ambrosia


   Skills:
 - Level 3.0(3.3) Fighting
 + Level 3.2 Long Blades
 - Level 3.2 Dodging You didn't know any spells. Your spell library was empty.

Dungeon Overview and Level Annotations

Branches:
Dungeon (1/15)

Altars:
Ashenzari


Innate Abilities, Weirdness & Mutations

You are immune to sickness and miasma.
You are immune to poison.
Your flesh is very heat resistant. (rF++)
You are vulnerable to cold. (rC-)
You float through the air rather than walking.
You learn spells naturally, not from books.
Your magical power is your life essence.
You have superior vitality. (+4 MHP)


Message History

The rat is moderately wounded.
The rat misses you.
You hit the rat but do no damage.
The rat is moderately wounded.
The rat bites you.
You hit the rat.
You kill the rat!
HP restored.
Found a stone staircase leading down.
A ball python comes into view.
The ball python hisses angrily.
A ball python is nearby!
The ball python completely misses you. The ball python misses you.
You completely miss the ball python. The ball python closely misses you. x2
You slash the ball python!
You kill the ball python!
You have reached level 2!
A giant cockroach comes into view.
Found a scroll labelled WOHOLEHORPH.
A giant cockroach is nearby!
You hit the giant cockroach.
You kill the giant cockroach!
f - a scroll labelled WOHOLEHORPH
Found a stone staircase leading down.
Found a club.
g - a scroll labelled IMO FAUPNU A hobgoblin comes into view.
The hobgoblin closely misses you.
You hit the hobgoblin.
The hobgoblin is lightly wounded.
The hobgoblin hits you but does no damage.
You hit the hobgoblin.
You kill the hobgoblin!
You now have 21 gold pieces (gained 13).
A dart slug comes into view.
A dart slug is nearby!
A dart slug is nearby!
The dart slug launches a dart at you. The slug dart hits you.
Are you sure you want to abandon this character and quit the game? (Confirm with "yes".)

####### #.....# #.###.#
###.#.#.###########
#...#.............#
#.##########.......
#.@................
#.....##....####.......
#.#.#.# ....# #.......
#.#.# ..w# #....... #
#.. ..# #....... #.. .#
#....... #.# # #.......
#. ###.#


You could see a dart slug.

Vanquished Creatures
  An endoplasm (D:1)
  A giant cockroach (D:1)
  2 goblins (D:1)
  A hobgoblin (D:1)
  A ball python (D:1)
  A kobold (D:1)
  A rat (D:1)
8 creatures vanquished.

Notes
Turn   | Place    | Note
-------+----------+-------------------------------------------
     0 | D:1      | SnakkuSnakku7 the Djinni Monk began the quest for the Orb.
     0 | D:1      | Reached XP level 1. HP: 20/20 MP: 0/0
    52 | D:1      | Found a faded altar of an unknown god.
    65 | D:1      | Prayed at the altar of an unknown god.
    65 | D:1      | Became a worshipper of Ashenzari the Shackled
   188 | D:1      | Reached XP level 2. HP: 25/25 MP: 0/0
   422 | D:1      | Quit the game

Illustrated notes

Levels and vault maps discovered:
D:1:      dpeg_arrival_concentric_ovals, layout_basic,
          shapermc_ecumenical_altar_starsandcircs, minmay_tiny_reverse_x

Skill      XL: |  1 |
---------------+----+-----
Long Blades    | 3 |  3.2
Fighting       | |  3.0
Dodging        | |  3.2

Action                     || total
---------------------------++-------
  Melee: Falchion          ||    15
 Invoke: Curse Item        ||     1
 Armour: Robe              ||     7
  Dodge: Dodged            ||     6
